AoeStats
← 犹豫就会败北

Arena

510285841Analyzed
1v1 RM · 2d ago on Sep 30, 2026· 40m 48s· 2 players
Game mode
Random Map
Map size
Tiny (2 player)
Population
200
Speed
Normal
Resources
Standard
Victory
Conquest
Starting age
Dark Age
Ending age
Imperial Age
RankedLock teamsTeams togetherTeam positionsShared explorationLock speedFull tech treeHidden civsTurbo modeCheats
Victory
Defeat
🇫🇷 Bohemians · France
1050
+17
🇨🇳 Bohemians · China
1080
-17
Janusdu76
10:04 Feudal Age
14:44 Castle Age
13:30 Double-Bit Axe
24:28 Bow Saw
27:19 Imperial Age
24:35 Loom
25:24 Ballistics
26:36 Chemistry
26:16 Wheelbarrow
26:10 Padded Archer Armor
26:00 Fletching
26:50 Horse Collar
28:24 Conscription
28:37 Leather Archer Armor
28:17 Bodkin Arrow
28:33 Forging
28:24 Scale Mail Armor
31:12 Hand Cart
30:42 Town Watch
31:44 Wagenburg Tactics
31:42 Squires
32:03 Chain Mail Armor
33:07 Two-Man Saw
32:19 Pikeman
33:42 Town Patrol
34:49 Ring Archer Armor
35:15 Halberdier
37:01 Houfnice
39:52 Plate Mail Armor
39:58 Iron Casting
39:23 Bracer
40:39 Halberdier
犹豫就会败北
2:11 Loom
10:51 Feudal Age
15:27 Castle Age
14:08 Double-Bit Axe
14:08 Horse Collar
24:00 Wheelbarrow
30:51 Imperial Age
28:42 Bow Saw
28:07 Light Cavalry
28:56 Husbandry
29:36 Heavy Plow
30:30 Hand Cart
30:01 Town Watch
30:34 Squires
31:58 Conscription
32:44 Two-Man Saw
32:57 Ballistics
33:38 Chemistry
35:02 Fletching
35:13 Padded Archer Armor
35:14 Scale Mail Armor
35:24 Forging
34:43 Elite Hussite Wagon
36:37 Houfnice
38:44 Pikeman
40:47 Bodkin Arrow
Connection lost

Rejoining the realm…

Still unreachable

The connection could not be restored.

Session expired

The server has moved on; the page needs a fresh start.